 Dungeon Crawl Stone Soup version 0.30-a0-457-g4b7bca3bfa (webtiles) character file.

Game seed: 4916073605179788499

14107 cforsyth the Cleaver (level 11, 0/156 HPs)
             Began as a Minotaur Berserker on Dec 12, 2022.
             Was a High Priest of Trog.
             Slain by a reaper
             ... wielding a +2 scythe of freezing
              (2 damage)
             ... in an ice cave.
             The game lasted 00:21:21 (10714 turns).

cforsyth the Cleaver (Minotaur Berserker)          Turns: 10714, Time: 00:21:22

Health: 0/156      AC: 16    Str: 31    XL:     11   Next: 84%
Magic:  10/10      EV: 12    Int:  4    God:    Trog [*****.]
Gold:   722        SH:  3    Dex: 10    Spells: 10/10 levels left

rFire   . . .      SeeInvis .    C - +9 hand axe of Equivalence {flame, Will- Str+5}
rCold   + + .      Faith    .    N - +0 buckler {rC+}
rNeg    . . .      Spirit   .    x - +0 chain mail
rPois   .          Reflect  .    H - +2 hat
rElec   .          Harm     .    (no cloak)
rCorr   .          Rampage  .    h - +1 pair of gloves
Will    ++...                    (no boots)
Stlth   ..........               G - amulet of regeneration
HPRegen 2.26/turn                L - ring of protection from cold
MPRegen 0.12/turn                z - ring of willpower

@: berserking (expiring), strong-willed, regenerating, very quick
A: horns 2, retaliatory headbutt
a: Renounce Religion, Berserk, Trog's Hand, Brothers in Arms


You were in an ice cave.
You worshipped Trog.
Trog was extremely pleased with you.
You visited 1 branch of the dungeon, and saw 13 of its levels.
You also visited: Ice Cave.

You collected 722 gold pieces.

Inventory:

Hand Weapons
 a - a +1 hand axe
 C - the +9 hand axe of Equivalence (weapon) {flame, Will- Str+5}
   (You took it off an orc priest on level 8 of the Dungeon)

   It burns those it strikes, dealing additional fire damage.
   Big, fiery blades are also staple armaments of hydra-hunters.
   Str:       It affects your strength (+5).
   Will:      It decreases your willpower.
 J - a +7 vorpal executioner's axe
Armour
 h - a +1 pair of gloves (worn)
 x - a +0 chain mail (worn)
 H - a +2 hat (worn)
 N - a +0 buckler of cold resistance (worn)
Jewellery
 i - a +4 ring of evasion
 j - a +6 ring of dexterity
 t - a ring of flight
 u - a +4 ring of evasion
 y - a +6 ring of strength
 z - a ring of willpower (right hand)
 E - a ring of positive energy
 G - an amulet of regeneration (around neck)
 I - a +6 ring of intelligence
 L - a ring of protection from cold (left hand)
 M - the necklace of Bloodlust {*Rage Will++ Int-3 Slay+6}
   (You found it on level 11 of the Dungeon)

   [amulet of nothing]

   It extends the wearer's berserk rage when killing foes.
   Int:       It affects your intelligence (-3).
   Slay:      It affects your accuracy & damage with ranged weapons and melee
   (+6).
   *Rage:     It berserks you when you make melee attacks (+50% chance).
   Will:      It greatly increases your willpower.
Wands
 l - a wand of quicksilver (13)
 o - a wand of digging (7)
 r - a wand of flame (41)
 B - a wand of polymorph (13)
 K - a wand of paralysis (4)
 O - a wand of iceblast (1)
Scrolls
 b - 2 scrolls of magic mapping
 f - 4 scrolls of blinking
 m - 5 scrolls of teleportation
 p - 2 scrolls of poison
 A - 4 scrolls of fear
 D - 5 scrolls of identify
 F - a scroll of enchant weapon
Potions
 c - 8 potions of curing
 d - 2 potions of mutation
 e - a potion of lignification {unknown}
 g - 6 potions of attraction
 k - a potion of degeneration {unknown}
 n - a potion of haste {unknown}
 q - a potion of heal wounds {unknown}
 s - a potion of brilliance {unknown}
 v - 3 potions of flight {unknown}
 w - 3 potions of might {unknown}


   Skills:
 + Level 11.9 Fighting
 * Level 12.7 Axes
 + Level 11.6 Armour
 + Level 10.6 Dodging


You had 10 spell levels left.
You didn't know any spells.
Your spell library was empty.

Dungeon Overview and Level Annotations

Branches:
Dungeon (13/15)            Temple (0/1) D:7            Lair (0/5) D:11
    Orc (0/2) D:10          IceCv (1/1)
 Vaults: D:13-14

Altars:
Dithmenos
Fedhas
Gozag
Kikubaaqudgha
Nemelex Xobeh
Okawaru
Qazlal
Ru
Uskayaw
Yredelemnul
The Shining One

Shops:
D:3 [

Annotations:
D:13 Sonja


Innate Abilities, Weirdness & Mutations

You have a pair of horns on your head.
You reflexively headbutt those who attack you in melee.


Message History

The anaconda simulacrum vaporises!
Trog accepts your kill.
You chop one of the three-headed hydra simulacrum's heads off!
You slice the two-headed hydra simulacrum!!
You melt the two-headed hydra simulacrum!
The two-headed hydra simulacrum vaporises!
Trog accepts your kill. The reaper hits you but does no damage.
You slice the spriggan simulacrum!!
You melt the spriggan simulacrum.
The spriggan simulacrum vaporises!
Trog accepts your kill.
Really walk into that cloud of freezing vapour? [Y]es or [N]o only, please.
Really walk into that cloud of freezing vapour?
Okay, then.
The reaper completely misses you.
You hit the reaper but do no damage. You slash the reaper! You burn the reaper.
The reaper is moderately wounded.
You slash the dire elephant simulacrum!
You melt the dire elephant simulacrum.
The reaper hits you with a +2 scythe of freezing!
The reaper freezes you.
You hit the reaper but do no damage. Your headbutt misses the reaper.
The reaper is moderately wounded.
You slash the dire elephant simulacrum!
You melt the dire elephant simulacrum.
You slash the reaper! You burn the reaper.
The reaper is moderately wounded.
You hit the dire elephant simulacrum but do no damage.
The dire elephant simulacrum tramples you!
* * * LOW HITPOINT WARNING * * *
You hold your ground!
The dire elephant simulacrum trunk-slaps you.
* * * LOW HITPOINT WARNING * * *
The dire elephant simulacrum freezes you!
You resist.
* * * LOW HITPOINT WARNING * * *
The reaper hits you with a +2 scythe of freezing!!
* * * LOW HITPOINT WARNING * * *
The reaper freezes you.
You die...

#..##### #..# ##.#
#.####.####.## ##..#
#..##..)# #..###..##
##.##...# ##..#...#
#.....?# #.....##
##..#.######..⌠.#
#####.##.###...#
##.##.#..##..##
#@.#.###....####
#....2Z#.###...##.#.##
#[$#..Z.#.#
#○#.###.#.#
#...###....### ##.##
##.# #.. ### ## ###


You could see a reaper, a dire elephant simulacrum and a two-headed ogre
simulacrum.

Vanquished Creatures
  Erolcha (D:9)
  4 two-headed ogres
  2 deep elf pyromancers (D:9)
  A cyclops (D:10)
  An ice statue (IceCv)
  Psyche (D:9)
  2 anaconda simulacra (IceCv)
  A freezing wraith (IceCv)
  An efreet (D:11)
  A troll (D:11)
  Sigmund (D:6)
  A shadow (D:10)
  A water elemental (D:11)
  A vampire (D:11)
  10 yaks
  3 wyverns
  A wraith (D:11)
  A water moccasin (D:6)
  Duvessa (D:7)
  A hydra simulacrum (IceCv)
  3 ice beasts
  A swamp drake (D:9)
  2 sky beasts
  4 orc warriors
  A black bear (D:6)
  An ogre (D:5)
  5 centaurs
  4 wolves (D:11)
  A phantom (D:4)
  A kobold brigand (D:9)
  2 bullfrogs
  8 two-headed ogre simulacra (IceCv)
  A necrophage (D:8)
  3 scorpions
  A cane toad simulacrum (IceCv)
  10 wights
  Dowan (D:7)
  2 electric eels (D:11)
  4 howler monkeys
  A crimson imp (D:9)
  8 orc priests
  A gnoll bouda (D:5)
  3 hounds
  An iron imp (D:9)
  5 iguanas
  20 orc wizards
  4 spriggan simulacra (IceCv)
  2 polar bear simulacra (IceCv)
  7 troll simulacra (IceCv)
  2 wolf simulacra (IceCv)
  A howler monkey zombie (D:3)
  4 gnolls (D:5)
  7 adders
  2 naga simulacra (IceCv)
  A shadow imp (D:9)
  8 white imps
  8 ufetubi (IceCv)
  3 worms
  40 orcs
  9 endoplasms
  3 giant cockroaches
  7 hobgoblins
  9 jackals
  5 quokkas
  7 ball pythons
  A ball python zombie (D:3)
  7 bats
  4 frilled lizards
  4 goblins
  16 kobolds
  A quokka zombie (D:3)
  2 rats
294 creatures vanquished.

Vanquished Creatures (others)
  An orc (D:9)
1 creature vanquished.

Grand Total: 295 creatures vanquished

Notes
Turn   | Place    | Note
-------+----------+-------------------------------------------
     0 | D:1      | cforsyth the Minotaur Berserker began the quest for the
                  | Orb.
     0 | D:1      | Reached XP level 1. HP: 19/19 MP: 0/0
   123 | D:1      | Reached XP level 2. HP: 27/27 MP: 1/1
   352 | D:1      | Reached skill level 4 in Axes
   721 | D:2      | Reached XP level 3. HP: 22/33 MP: 2/2
   793 | D:2      | Reached ** piety under Trog
   833 | D:2      | Found a glowing golden altar of the Shining One.
   921 | D:2      | Found a faded altar of an unknown god.
  1127 | D:2      | Reached XP level 4. HP: 39/41 MP: 3/3
  1371 | D:3      | Found a basalt altar of Yredelemnul.
  1502 | D:3      | Found a stormy altar of Qazlal.
  1629 | D:3      | Found an opulent altar of Gozag.
  1828 | D:3      | Found a sparkling altar of Nemelex Xobeh.
  2018 | D:3      | Reached XP level 5. HP: 47/47 MP: 4/4
  2047 | D:3      | Found Gytu's Antique Armour Emporium.
  2215 | D:4      | Found a sacrificial altar of Ru.
  2444 | D:4      | Reached *** piety under Trog
  2453 | D:4      | Noticed a phantom
  2471 | D:4      | Killed a phantom
  2472 | D:4      | Reached skill level 5 in Fighting
  2472 | D:4      | Reached skill level 5 in Axes
  2823 | D:5      | Entered Level 5 of the Dungeon
  2910 | D:5      | Reached XP level 6. HP: 48/56 MP: 5/5
  3052 | D:5      | Reached skill level 5 in Armour
  3052 | D:5      | Reached XP level 7. HP: 24/62 MP: 6/6
  3201 | D:5      | Reached skill level 6 in Axes
  3511 | D:5      | Reached skill level 5 in Dodging
  3680 | D:5      | Identified the +4 mace "Jutianka" {holy, Str+3 Dex+5}
  4222 | D:6      | Reached XP level 8. HP: 65/66 MP: 7/7
  4565 | D:6      | Reached skill level 7 in Axes
  5139 | D:6      | Noticed Sigmund
  5146 | D:6      | Killed Sigmund
  5194 | D:6      | Reached XP level 9. HP: 75/81 MP: 8/8
  5223 | D:6      | Found a shadowy altar of Dithmenos.
  5332 | D:6      | Reached skill level 8 in Axes
  5434 | D:7      | Found a staircase to the Ecumenical Temple.
  5452 | D:7      | Reached **** piety under Trog
  5932 | D:7      | Found Wabaud's Armour Shop.
  6044 | D:7      | Noticed Dowan
  6046 | D:7      | Noticed Duvessa
  6062 | D:7      | Killed Duvessa
  6072 | D:7      | Killed Dowan
  6169 | D:7      | Found a hide-covered altar of Uskayaw.
  6259 | D:7      | Reached skill level 9 in Axes
  6567 | D:8      | Identified the +9 hand axe of Equivalence {flame, Will-
                  | Str+5}
  7088 | D:8      | Found an ancient bone altar of Kikubaaqudgha.
  7266 | D:9      | Reached XP level 10. HP: 91/91 MP: 9/9
  7328 | D:9      | Reached ***** piety under Trog
  7415 | D:9      | Noticed a deep elf pyromancer
  7430 | D:9      | Killed a deep elf pyromancer
  7577 | D:9      | Noticed a deep elf pyromancer
  7580 | D:9      | Killed a deep elf pyromancer
  7635 | D:9      | Noticed Erolcha
  7642 | D:9      | Killed Erolcha
  7643 | D:9      | Reached skill level 10 in Fighting
  7643 | D:9      | Reached skill level 10 in Axes
  7651 | D:9      | Noticed Psyche
  7660 | D:9      | Killed Psyche
  7673 | D:9      | Reached skill level 10 in Armour
  7714 | D:9      | Found a blossoming altar of Fedhas.
  7767 | D:9      | Noticed a two-headed ogre
  7774 | D:9      | Killed a two-headed ogre
  7896 | D:9      | Noticed a two-headed ogre
  7913 | D:9      | Killed a two-headed ogre
  8351 | D:10     | Entered Level 10 of the Dungeon
  8446 | D:10     | Found an iron altar of Okawaru.
  8539 | D:10     | Found a staircase to the Orcish Mines.
  8573 | D:10     | Noticed a cyclops
  8582 | D:10     | Killed a cyclops
  8583 | D:10     | Reached XP level 11. HP: 56/101 MP: 10/10
  8642 | D:10     | Noticed a two-headed ogre
  8648 | D:10     | Killed a two-headed ogre
  8649 | D:10     | Reached skill level 11 in Axes
  8696 | D:10     | Received a gift from Trog
  9031 | D:11     | Reached skill level 10 in Dodging
  9209 | D:11     | Found a staircase to the Lair.
  9437 | D:11     | Noticed a two-headed ogre
  9442 | D:11     | Killed a two-headed ogre
  9461 | D:11     | Reached skill level 12 in Axes
  9524 | D:11     | Found the necklace of Bloodlust {*Rage Will++ Int-3 Slay+6}
  9643 | D:11     | You fall into a shaft and drop 2 floors!
  9656 | D:13     | Noticed Sonja
  9670 | D:12     | Found a frozen archway.
  9687 | IceCv    | Entered an ice cave
 10703 | IceCv    | Noticed a reaper
 10714 | IceCv    | HP: 2/156 [reaper/+2 scythe of freezing (29)]
 10714 | IceCv    | Slain by a reaper

Illustrated notes

Levels and vault maps discovered:
D:1:      tarquinn_simple_flora_water_d, layout_basic
D:2:      layout_basic, basic_altar, basic_ecumenical_altar,
          kennysheep_generic_room_3
D:3:      layout_loops_ring, nicolae_qazlal_eye_of_the_storm,
          grunt_gozag_breadcrumbs, nicolae_yredelemnul_corpse_copse,
          nemelex_spade_bored_becter, serial_shops, nicolae_shop_hallway_stairs,
          ebering_dispersal_statue_hall
D:4:      layout_basic, nicolae_ru_sacrificial_ziggurat
D:5:      layout_loops_ring
D:6:      layout_basic, mainiacjoe_overflow_tiny_flanked, uniq_sigmund
D:7:      layout_rooms, lemuel_round_altar, minmay_temple_entry_statues_pillars,
          serial_shops, nicolae_lakefront_shop, moated_statue, kennysheep_dice,
          uniq_duvessa
D:8:      layout_rooms, old_standard_altar
D:9:      layout_cave_pods, fedhas_ov_isle_minmay, hangedman_minor_magic,
          uniq_psyche, uniq_erolcha
D:10:     layout_gridville, mainiacjoe_overflow_concentric_impassable,
          orc_0_dummy, corner_web_ring
D:11:     layout_stronghold, erik_lair_island, serial_shops,
          kennysheep_mini_moat, hellmonk_guarded_unrand_vitality_bloodlust,
          uniq_amaemon
D:12:     layout_cave_pools, portal_ice_cave_entry_pillars_2
D:13:     layout_small_grid, david_vaults_4, kennysheep_generic_room_15,
          uniq_sonja
IceCv:    ice_cave_caverns_01

Skill      XL: |  1  2  3  4  5  6  7  8  9 10 11 |
---------------+----------------------------------+-----
Fighting       | 4 5 6 7 9 10 11 | 11.9
Axes           | 4 5 6 7 9 10 12 | 12.7
Armour         | 3 4 5 7 8 10 11 | 11.6
Dodging        | 3 4 5 6 8 9 10 | 10.6

Action                   |  1- 3 |  4- 6 |  7- 9 | 10-12 || total
-------------------------+-------+-------+-------+-------++-------
Melee: Hand axe          |    65 |   150 |   325 |   271 ||   811
       Headbutt          |    11 |    28 |    51 |    52 ||   142
       Punch             |       |       |     5 |     3 ||     8
       Unarmed           |       |       |    15 |       ||    15
Invok: Berserk           |       |     1 |     3 |     2 ||     6
       Trog's Hand       |       |       |       |     2 ||     2
  Use: Scroll            |       |       |    13 |     5 ||    18
 Stab: Sleeping          |       |     1 |       |       ||     1
       Confused          |       |       |     1 |       ||     1
Armor: Animal skin       |    19 |       |       |       ||    19
       Ring mail         |     2 |    29 |     3 |       ||    34
       Chain mail        |       |       |   112 |    73 ||   185
       Skin              |       |       |     5 |       ||     5
Dodge: Dodged            |    57 |   105 |   306 |   131 ||   599
Block: Buckler           |       |       |       |     2 ||     2

Table legend: (Time is in decaauts)
 A = Elapsed time spent in this place.
 B = Non-inter-level travel time spent in this place.
 C = Inter-level travel time spent in this place.
 D = Time resting spent in this place.
 E = Time spent auto-exploring this place.
 F = Levels seen in this place.
 G = Mean time per level.
                   A        B        C        D        E       F      G
               +--------+--------+--------+--------+--------+-----+--------+
         Total |  10684 |  10196 |    488 |   1808 |   6486 |  14 |  763.1 |
       Dungeon |   9671 |   9183 |    488 |   1335 |   6214 |  13 |  743.9 |
      Ice Cave |   1013 |   1013 |      0 |    473 |    271 |   1 | 1013.0 |
               +--------+--------+--------+--------+--------+-----+--------+

Top non-repeatable levels by time:
     D:7: 1424 daAuts
     D:6: 1387 daAuts
     D:9: 1117 daAuts
     D:5: 1063 daAuts
   IceCv: 1013 daAuts
     D:3: 850 daAuts
     D:4: 777 daAuts
     D:2: 745 daAuts
    D:11: 626 daAuts
    D:10: 603 daAuts
     D:1: 599 daAuts
     D:8: 433 daAuts
    D:12: 23 daAuts
    D:13: 18 daAuts
